Map: 하드와이어 - 래더

Players

Prince

  • Race: Protoss Protoss
  • League: Grandmaster

Solar - Winner!

  • Race: Zerg Zerg
  • League: Master

Event: DreamHack SC2 Masters Last Chance 2022

VOD

Have the link to the VOD?

Description

Time

  • Played on: Dec. 15, 2021, 4:04 a.m.
  • Length: 4:56

All games in this series

Show
View Real Time Build Order
Export as new Build Order

Prince Protoss 

Build Orders: 1 Gate Expand 

Get SALT Encoding   

  12  0:00  Probe  
  13  0:14  Pylon  
  13  0:18  Probe (Chrono Boost)  
  14  0:27  Probe (Chrono Boost)  
  15  0:32  Probe (Chrono Boost)  
  16  0:38  Gateway  
  16  0:44  Probe  
  16  0:47  Assimilator  
  17  0:56  Probe  
  18  1:08  Probe  
  19  1:20  Probe  
  20  1:27  Cybernetics Core  
  20  1:37  Nexus  
  20  1:39  Probe  
  21  1:46  Pylon  
  21  1:52  Probe  
  22  1:54  Assimilator  
  22  2:01  Adept (Chrono Boost)  
  22  2:04  Probe  
  25  2:16  Probe  
  25  2:21  Adept (Chrono Boost)  
  26  2:28  Probe  
  26  2:29  Stargate  
  29  2:37  Warp Gate  
  29  2:42  Probe (Chrono Boost)  
  30  2:48  Adept  
  30  2:49  Probe (Chrono Boost)  
  35  2:58  Probe (Chrono Boost)  
  35  2:59  Probe (Chrono Boost)  
  35  3:03  Void Ray (Chrono Boost)  
  35  3:04  Probe (Chrono Boost)  
  35  3:05  Probe  
  41  3:23  Probe  
  37  3:28  Adept  
  39  3:35  Probe  
  39  3:36  Probe  
  39  3:40  Pylon  
  41  3:50  Probe x2  
  43  4:02  Probe x2  
  45  4:08  Nexus  
  42  4:10  Oracle (Chrono Boost)  
  42  4:14  Probe x2  
  47  4:18  Pylon  
  47  4:22  Assimilator  
  47  4:24  Assimilator  
  47  4:26  Probe  
  47  4:28  Pylon  
  47  4:29  Probe  
  49  4:39  Stargate  
  49  4:41  Probe  
  49  4:42  Probe  
  51  4:49  Adept  
Show
View Real Time Build Order
Export as new Build Order

Solar Zerg - Winner!

Build Orders: Hatch First 

Get SALT Encoding   

  12  0:00  Drone  
  13  0:12  Overlord  
  13  0:17  Drone  
  14  0:30  Drone  
  14  0:31  Drone  
  16  0:44  Drone  
  17  0:53  Hatchery  
  17  0:54  Drone  
  17  0:57  Drone  
  18  1:08  Extractor  
  17  1:13  Spawning Pool  
  17  1:15  Drone  
  17  1:18  Drone  
  18  1:27  Drone  
  19  1:39  Drone  
  20  1:49  Overlord  
  20  1:59  Queen  
  22  2:04  Queen  
  22  2:05  Zergling x4  
  26  2:11  Metabolic Boost  
  26  2:13  Drone  
  27  2:16  Drone  
  28  2:31  Zergling x2  
  28  2:34  Hatchery, Zergling x2  
  29  2:38  Drone  
  30  2:46  Queen  
  30  2:49  Overlord  
  32  2:51  Zergling x2  
  32  2:53  Drone  
  32  2:56  Zergling x2  
  35  3:00  Drone  
  36  3:12  Drone x2, Zergling x2  
  39  3:13  Drone x2  
  39  3:16  Drone x2  
  42  3:20  Drone  
  42  3:23  Overlord  
  42  3:27  Drone  
  43  3:36  Overlord  
  43  3:41  Queen  
  42  3:43  Drone x4  
  48  3:48  Queen  
  48  3:50  Drone  
  48  3:52  Drone  
  52  3:59  Zergling x8  
  55  4:02  Spore Crawler  
  55  4:05  Drone, Spore Crawler  
  55  4:07  Drone  
  55  4:09  Drone  
  54  4:12  Overlord  
  54  4:14  Drone  
  53  4:18  Queen  
  53  4:20  Drone  
  53  4:22  Overlord  
  56  4:25  Zergling x2  
  56  4:26  Zergling x2  
  56  4:30  Zergling x4  
  60  4:33  Drone x2  
  60  4:35  Drone x2  
  60  4:37  Drone  

Tags
 
Add a new tag
Caveats
  • Supply blocks, unpowered buildings, or Contaminate may cause inaccurate times.
  • Supply counts are checked every 10 seconds.